 Dungeon Crawl Stone Soup version 0.22-a0-305-gd21a89c (webtiles) character file.

31 xccam the Shield-Bearer (level 3, -6/29 HPs)
             Began as a Formicid Fighter on Mar 30, 2018.
             Mangled by an iguana (9 damage)
             ... on level 2 of the Dungeon.
             The game lasted 00:03:27 (815 turns).

xccam the Shield-Bearer (Formicid Fighter)           Turns: 815, Time: 00:03:28

Health: -6/29      AC:  6    Str: 21    XL:     3   Next: 40%
Magic:  3/3        EV:  7    Int:  7    God:
Gold:   117        SH:  9    Dex: 10    Spells: 2/2 levels left

rFire    . . .     SeeInvis +   a - +0 war axe
rCold    . . .     Gourm    .   c - +0 shield
rNeg     . . .     Faith    .   b - +0 scale mail
rPois    .         Spirit   .   (helmet unavailable)
rElec    .         Reflect  .   (no cloak)
rCorr    .         Harm     .   (no gloves)
MR       .....                  (no boots)
Stlth    ..........             (no amulet)
HPRegen  0.09/turn              (no ring)
MPRegen  0.08/turn              (no ring)

@: no status effects
A: permanent stasis, dig shafts and tunnels, four strong arms, antennae 3
a: Dig, Shaft Self


You were on level 2 of the Dungeon.
You were not hungry.

You visited 1 branch of the dungeon, and saw 2 of its levels.

You collected 117 gold pieces.

Inventory:

Hand Weapons
 a - a +0 war axe (weapon)
Armour
 b - a +0 scale mail (worn)
 c - a +0 shield (worn)
 o - a +0 plate armour
Scrolls
 h - a scroll of remove curse {unknown}
 l - a scroll of blinking {unknown}
 m - a scroll of teleportation {unknown}
 n - a scroll of amnesia {unknown}
Potions
 d - a potion of might
 e - 2 potions of curing {unknown}
 g - a potion of ambrosia {unknown}
 i - a potion of magic {unknown}
 j - a potion of brilliance {unknown}
 k - a potion of degeneration {unknown}
 p - a potion of cancellation {unknown}
Comestibles
 f - 3 rations


   Skills:
 - Level 3.2 Fighting
 + Level 3.6 Axes
 - Level 3.2 Armour
 - Level 3.6 Shields


You had 2 spell levels left.
You didn't know any spells.

Dungeon Overview and Level Annotations

Branches:
Dungeon (2/15)

Altars:
Nemelex Xobeh
Xom


Innate Abilities, Weirdness & Mutations

You cannot be hasted, slowed, berserked, paralysed or teleported.
You can dig through walls and to a lower floor.
Your four strong arms can wield two-handed weapons with a shield.
You have a pair of large antennae on your head. (SInv)


Message History

You are too injured to fight recklessly!
You are too injured to fight recklessly!
You are too injured to fight recklessly!
You are too injured to fight recklessly!
You are too injured to fight recklessly!
You are too injured to fight recklessly!
You are too injured to fight recklessly!
You are too injured to fight recklessly!
The iguana hisses menacingly.
You block the bat's attack.
Your shield and scale mail prevent you from hitting the bat.
The bat barely misses you. You block the bat's attack.
The bat hits you but does no damage.
You closely miss the bat. You block the bat's attack.
You hit the iguana.
The iguana is heavily wounded.
The iguana bites you!
* * * LOW HITPOINT WARNING * * *
The iguana bites you!
You die...

# ##.###..# #.###.#####.
# #.......# ..##....... #
#.......#######.##..####.
# #................#..#
#. #
#........[.....#.#..# #.
# ######.........'....#
#. # ###.......#....# #.
# ########.......##...#
#. ##
#......#@......##...# #.
.# ......bl#########...#
## #......g# ....#
#.......# ##..# ######...
#.. #... #.... ##.#.
#.#.'


You could see an iguana, a hobgoblin and a bat.

Vanquished Creatures
  A dart slug (D:2)
  A ball python (D:2)
  3 bats
  6 goblins
  5 hobgoblins
  A quokka (D:2)
  A frilled lizard (D:2)
  3 kobolds
  7 rats
28 creatures vanquished.

Notes
Turn   | Place    | Note
-------+----------+-------------------------------------------
     0 | D:1      | xccam the Formicid Fighter began the quest for the Orb.
     0 | D:1      | Reached XP level 1. HP: 18/18 MP: 1/1
   128 | D:1      | Reached XP level 2. HP: 24/24 MP: 2/2
   323 | D:1      | Found a shimmering altar of Xom.
   522 | D:2      | Reached XP level 3. HP: 29/29 MP: 3/3
   742 | D:2      | Found a sparkling altar of Nemelex Xobeh.
   815 | D:2      | Mangled by an iguana

Vault maps used:
D:1:      dpeg_arrival_simpleton_a, minmay_misc_feat_square, xom_teletrap_fun
D:2:      nemelex_xobeh_ov_fountains_minmay

Skill      XL: |  1  2 |
---------------+-------+-----
Axes           | 3 |  3.6
Fighting       | |  3.2
Armour         | |  3.2
Shields        | |  3.6

Action                   || total
-------------------------++-------
Melee: War axe           ||    73
Armor: Scale mail        ||    41
Dodge: Dodged            ||    21
Block: Shield            ||    46

Table legend:
 A = Spawn XP
 B = Non-spawn XP
 C = Spawn XP percentage of total XP
 D = Spawn monster count
 E = Non-spawn monster count
 F = Spawn count percentage of total count
 G = Total turns spent on level
                    A         B        C        D         E        F      G
               +---------+---------+-------+---------+---------+-------+---------
         Total |       0 |      45 |   0.0 |       0 |      28 |   0.0 |   815
               +---------+---------+-------+---------+---------+-------+---------
           D:1 |       0 |      26 |   0.0 |       0 |      17 |   0.0 |   482
           D:2 |       0 |      19 |   0.0 |       0 |      11 |   0.0 |   333
               +---------+---------+-------+---------+---------+-------+---------
